 Dungeon Crawl Stone Soup version 0.30-a0-475-g03497ec522 (webtiles) character file.

Game seed: 5114805285237521775

105 kae the Firebug (level 4, -1/33 HPs)
             Began as a Demigod Fire Elementalist on Dec 20, 2022.
             Killed by divine providence
             ... invoked by an orc priest
              (12 damage)
             ... on level 3 of the Dungeon.
             The game lasted 00:02:00 (2366 turns).

kae the Firebug (Demigod Fire Elementalist)         Turns: 2366, Time: 00:02:01

Health: -1/33      AC:  2    Str:  9    XL:     4   Next: 29%
Magic:  10/10      EV: 12    Int: 21    God:
Gold:   96         SH:  0    Dex: 14    Spells: 1/7 levels left

rFire   . . .      SeeInvis .    c - +1 spear (venom)
rCold   . . .      Faith    .    (no shield)
rNeg    . . .      Spirit   .    a - +0 robe
rPois   .          Reflect  .    (no helmet)
rElec   .          Harm     .    (no cloak)
rCorr   .          Rampage  .    (no gloves)
Will    .....                    (no boots)
Stlth   +.........               (no amulet)
HPRegen 0.25/turn                L - ring of flight
MPRegen 0.12/turn                (no ring)

@: silenced, flying
A: high MP 1, forlorn, divine attributes
a: no special abilities


You were on level 3 of the Dungeon.
You visited 1 branch of the dungeon, and saw 3 of its levels.

You collected 96 gold pieces.


Innate Abilities, Weirdness & Mutations

You have an increased reservoir of magic. (+10% MP)
You shall have no god before yourself.
Your divine heritage dramatically boosts your attributes as you level up.


   Skills:
 - Level 1.7 Dodging
 - Level 1.7 Stealth
 + Level 2.3 Spellcasting
 * Level 2.5 Conjurations
 * Level 3.7 Fire Magic


You had one spell level left.
You knew the following spells:

 Your Spells              Type           Power      Damage    Failure   Level
a - Foxfire               Conj/Fire      60%        2x1d7     4%          1
b - Scorch                Fire           36%        2d7       4%          2
c - Inner Flame           Hex/Fire       10%        N/A       21%         3

Your spell library contained the following spells:

 Spells                   Type           Power      Damage    Failure   Level
 Ensorcelled Hibernation  Hex/Ice        4%         N/A       22%         2
 Kindle Blastsparks       Fire/Tloc/Air  14%        2d11      26%         3
 Flame Wave               Conj/Fire      15%        2d7       36%         4
 Spider Form              Tmut/Pois      2%         N/A       38%         3
 Anguish                  Hex/Necr       1%         N/A       80%         4

Inventory:

Hand Weapons
 c - a +1 spear of venom (weapon)
   (You found it on level 1 of the Dungeon)
Missiles
 h - 3 stones
 q - 3 poisoned darts
Armour
 a - a +0 robe (worn)
Magical Staves
 p - a staff of poison {!a}
   (You found it on level 2 of the Dungeon)
Jewellery
 L - a ring of flight (left hand)
   (You found it on level 2 of the Dungeon)
Scrolls
 d - a scroll of vulnerability {!r!r}
 f - a scroll of silence {!r}
 j - 2 scrolls of identify {@r1}
Potions
 b - a potion of magic
 e - 2 potions of curing {@q1}
 i - a potion of mutation {unknown}
 l - a potion of degeneration {unknown}
 n - a potion of attraction {!q}

Dungeon Overview and Level Annotations

Branches:
Dungeon (3/15) Zot: 15630

Annotations:
D:2 Sigmund

* *,* *,* ############
***,********+** #..........#
,,*,**,,,,,,,,* #..........#
,,,,**,,,,,,,,* #..........#*
*,****,,,,,,,,* #..........#, *,*
*,,,,,,,,* #..........#, *,*
*,,,,,,,,* #.....).....,
*,****,,,^,,,,#######...........,
,,,,,+,,,,,,,,+.@o.o........>...,
*,****,,,,,,,,#####o............,
,,****,,,,,,,,* #.#...........,
,,,,,,********* #.##########..,
,,***,* #.# *.., ,,,,*,* #.# *,,,
*,*,*,* #.# *,,, *,*,*,* ##.#
*,,, *,*,*,* #..# *,,,


You could see an orc priest and 2 orcs.


Message History

😎 MP[+2]
Your mp is fully restored (9).
A goblin is nearby!
A goblin is nearby!
A goblin is nearby!
Casting: Foxfire (safe; 4% risk of failure)
Confirm with . or Enter, or press ? or * to list all spells.
You conjure some foxfire!
The foxfire hits the goblin.
You kill the goblin!
You have reached level 4! 😎 HP[+7] MP[-1]
You now have 33 max hp (+7).
Your hp is fully restored (33).
Found a stone staircase leading down.
An orc wizard and an orc priest come into view.
The orc wizard shouts!
You hear a shout!
There are monsters nearby!
There are monsters nearby!
Casting: Foxfire (safe; 4% risk of failure)
Confirm with . or Enter, or press ? or * to list all spells.
You conjure some foxfire!
The orc priest shouts!
An orc wizard comes into view. It is wielding a +0 dagger.
An orc comes into view. It is wielding a +0 whip.
The orc wizard casts a spell at you. The puff of flame hits you!
An orc comes into view. It is wielding a +0 short sword.
The foxfire hits the orc priest.
The foxfire hits the orc wizard. 😕 HP[-6] MP[-1]
You take 6 damage, and now have 27/33 hp.
You lost 1 mp, and now have 7/10 mp.
Casting: Foxfire (safe; 4% risk of failure)
Confirm with . or Enter, or press ? or * to list all spells.
You conjure some foxfire!
The orc priest calls upon Beogh to heal the orc wizard.
The orc wizard's wounds heal themselves!
The foxfire hits the orc priest.
The foxfire hits the orc wizard.
You hear a shout!
Unknown command.
Okay, then.
Okay, then.
Okay, then.
The orc wizard mumbles some strange words.
The orc wizard flickers and vanishes!
Deactivating autopickup; reactivate with Ctrl-A. 😕 HP[+1]
Okay, then.
Okay, then.
Okay, then.
Really read
f - 2 scrolls of silence {!r}?
As you read the scroll of silence {!r}, it crumbles to dust.
A profound silence engulfs you. 😕 HP[+1] 😕 MP[+1] 😕 HP[+1] Reach: c) +1 spear (venom)
Press: ? - help, Dir - move target, f - orc wizard
Aim: an orc wizard, wielding a +0 dagger and wearing a +0 robe (silenced, lightly wounded, about 45% to evade your +1 spear of venom)
You reach to attack!
You barely miss the orc wizard. You barely miss the orc wizard.
The orc wizard hits you with a +0 dagger. x2 😕 HP[-5]
You take 5 damage, and now have 25/33 hp.
You barely miss the orc wizard. The orc wizard barely misses you.
You closely miss the orc wizard. Your punch misses the orc wizard.
The orc wizard hits you with a +0 dagger.
You hit the orc wizard.
The orc wizard is poisoned.
The orc wizard hits you but does no damage. 😕 MP[+1]
You barely miss the orc wizard. The orc wizard closely misses you.
It was a potion of curing.
You feel better.
The orc wizard hits you with a +0 dagger. 😕 HP[+5]
You regained 5 hp, and now have 30/33 hp.
You closely miss the orc wizard.
The orc wizard hits you with a +0 dagger. 😕 HP[-1]
You take 1 damage, and now have 29/33 hp.
You hit the orc wizard but do no damage.
The orc wizard looks as sick as possible!
You kill the orc wizard!
You hit something. Something hits you. 😕 HP[-1]
You take 1 damage, and now have 28/33 hp.
You hit something but do no damage.
The orc priest invokes the aid of Beogh against you.
Beogh smites you! Something hits you.
* * * LOW HITPOINT WARNING * * *
😨 HP[-13]
You take 13 damage, and now have 15/33 hp.
MASSIVE DAMAGE!! (PAUSE)
You miss something. Something hits you.
* * * LOW HITPOINT WARNING * * *
😨 HP[-3]
You take 3 damage, and now have 12/33 hp.
You miss something. Something hits you.
* * * LOW HITPOINT WARNING * * *
The orc priest calls down the wrath of Beogh upon you.
Beogh smites you!
You die...

Skill      XL: |  1  2  3 |
---------------+----------+-----
Conjurations   | 1 2 |  2.5
Fire Magic     | 3 |  3.7
Spellcasting   | 2 |  2.3
Dodging        | |  1.7
Stealth        | |  1.7

Action                   |  1- 3 |  4- 6 || total
-------------------------+-------+-------++-------
Melee: Spear             |     3 |    12 ||    15
 Cast: Foxfire           |    88 |     2 ||    90
       Scorch            |     4 |       ||     4
  Use: Scroll            |     7 |     1 ||     8
       Potion            |       |     1 ||     1
Armor: Robe              |     3 |     1 ||     4
Dodge: Dodged            |    16 |     2 ||    18

Levels and vault maps discovered:
D:1:      ncdulo_watergridlock, layout_rooms,
          shapermc_ecumenical_altar_totnotflames
D:2:      layout_basic, uniq_sigmund, uniq_robin
D:3:      layout_basic, serial_shops, nicolae_shop_advertising_works
          [nicolae_subvault_shop_adworks]

Notes
Turn   | Place    | Note
-------+----------+-------------------------------------------
     0 | D:1      | kae the Demigod Fire Elementalist began the quest for the
                  | Orb.
     0 | D:1      | Reached XP level 1. HP: 14/14 MP: 5/5
     0 | D:1      | magus.rc [v1.11.3]
    36 | D:1      | Reached skill level 1 in Conjurations
   185 | D:1      | Reached XP level 2. HP: 12/20 MP: 0/7
   267 | D:1      | You pick up a book of Dreams and begin reading...
   267 | D:1      | You add the spells Ensorcelled Hibernation, Spider Form and
                  | Anguish to your library.
   277 | D:1      | Reached skill level 3 in Fire Magic
   278 | D:1      | Reached skill level 2 in Spellcasting
   330 | D:1      | Learned a level 2 spell: Scorch
  1159 | D:2      | Reached XP level 3. HP: 26/26 MP: 6/8
  1163 | D:2      | Learned a level 3 spell: Inner Flame
  1307 | D:2      | Noticed Robin
  1360 | D:2      | Reached skill level 2 in Conjurations
  1365 | D:2      | Killed Robin
  1433 | D:2      | HP: 6/26 [poisoned by a goblin]
  1534 | D:2      | Noticed Sigmund
  2336 | D:3      | Reached XP level 4. HP: 33/33 MP: 8/10
  2366 | D:3      | Killed from afar by an orc priest

Vanquished Creatures
  An orc wizard (D:3)
  Robin (D:2)
  An adder (D:3)
  A worm (D:2)
  A dart slug (D:2)
  3 endoplasms (D:1)
  A giant cockroach (D:2)
  7 hobgoblins
  2 jackals (D:1)
  3 kobolds (D:1)
  3 quokkas
  7 ball pythons
  4 bats
  11 goblins
  6 rats
52 creatures vanquished.

Vanquished Creatures (others)
  163 foxfires
163 creatures vanquished.

Grand Total: 215 creatures vanquished

Table legend:
 A = Non-vault XP
 B = Vault XP
 C = Vault XP percentage of total XP
 D = Non-vault monster count
 E = Vault monster count
 F = Vault count percentage of total count
                 A         B        C        D         E       F
            +---------+---------+-------+---------+---------+-------
      Total |     117 |      34 |  22.5 |      41 |      11 |  21.2
            +---------+---------+-------+---------+---------+-------
        D:1 |      33 |       0 |   0.0 |      21 |       0 |   0.0
        D:2 |      33 |      34 |  50.7 |      16 |      11 |  40.7
        D:3 |      51 |       0 |   0.0 |       4 |       0 |   0.0
            +---------+---------+-------+---------+---------+-------

Illustrated notes

Table legend:
 A = Kills in this place as a percentage of kills in entire the game.
 B = Kills by you in this place as a percentage of kills by you in the entire game.
 C = Kills by friends in this place as a percentage of kills by friends in the entire game.
 D = Other kills in this place as a percentage of other kills in the entire game.
 E = Experience gained in this place as a percentage of experience gained in the entire game.
 F = Experience gained in this place divided by the number of levels of this place that you have seen.
                   A       B       C       D       E      F
               +-------+-------+-------+-------+-------+----------------------
         Total | 100.0 | 100.0 |   N/A |   N/A | 100.0 |  50.3
       Dungeon | 100.0 | 100.0 |   N/A |   N/A | 100.0 |  50.3
               +-------+-------+-------+-------+-------+----------------------

Table legend: (Time is in decaauts)
 A = Elapsed time spent in this place.
 B = Non-inter-level travel time spent in this place.
 C = Inter-level travel time spent in this place.
 D = Time resting spent in this place.
 E = Time spent auto-exploring this place.
 F = Levels seen in this place.
 G = Mean time per level.
                   A        B        C        D        E       F      G
               +--------+--------+--------+--------+--------+-----+--------+
         Total |   2368 |   2324 |     44 |    101 |   1835 |   3 |  789.3 |
       Dungeon |   2368 |   2324 |     44 |    101 |   1835 |   3 |  789.3 |
               +--------+--------+--------+--------+--------+-----+--------+

Top non-repeatable levels by time:
     D:2: 1199 daAuts
     D:1: 935 daAuts
     D:3: 233 daAuts
